 Dungeon Crawl Stone Soup version 0.26.0-15-gc6cd9f700b (webtiles) character file.

Game seed: 3645059562590660354

170 runemasterragnar the Ogre Mage (level 5, -7/53 HPs)
             Began as an Ogre Hedge Wizard on Jan 16, 2021.
             Engulfed by a cloud of flame (25 damage)
             ... on level 3 of the Dungeon.
             The game lasted 00:06:23 (3448 turns).

runemasterragnar the Ogre Mage (Ogre Hedge Wizard)  Turns: 3448, Time: 00:06:24

Health: -7/53      AC:  4    Str: 20    XL:     5   Next: 51%
Magic:  11/11      EV: 14    Int: 16    God:
Gold:   218        SH:  0    Dex:  8    Spells: 4/12 levels left

rFire    . . .     SeeInvis .   i - +0 hand axe (freeze)
rCold    . . .     Faith    .   (no shield)
rNeg     . . .     Spirit   .   b - +0 robe
rPois    .         Reflect  .   c - +0 hat
rElec    .         Harm     .   u - +0 cloak
rCorr    .         Rampage  .   (gloves unavailable)
Will     .....                  (boots unavailable)
Stlth    +.........             (no amulet)
HPRegen  0.17/turn              e - +4 ring of evasion
MPRegen  0.12/turn              n - +6 ring of strength

@: no status effects
A: large, unfitting armour, tough skin 1
a: no special abilities


You were on level 3 of the Dungeon.
You visited 1 branch of the dungeon, and saw 3 of its levels.

You collected 218 gold pieces.

Inventory:

Hand Weapons
 a - a +0 dagger
 f - a +0 mace
 i - a +0 hand axe of freezing (weapon)
 k - a +0 mace of protection
Missiles
 l - 8 boomerangs (quivered)
 s - 2 throwing nets
Armour
 b - a +0 robe (worn)
 c - a +0 hat (worn)
 u - a +0 cloak (worn)
Jewellery
 e - a +4 ring of evasion (left hand)
 n - a +6 ring of strength (right hand)
Scrolls
 d - a scroll of amnesia {unknown}
 g - 2 scrolls of teleportation
 h - a scroll of noise
Potions
 j - a potion of invisibility
 v - 2 potions of brilliance


   Skills:
 * Level 3.0 Fighting
 + Level 0.0(0.4) Axes
 - Level 0.9 Maces & Flails
 + Level 2.3 Dodging
 - Level 1.4 Stealth
 + Level 4.0 Spellcasting
 * Level 1.9 Conjurations
 - Level 1.3 Summonings
 - Level 1.2 Translocations
 * Level 1.1 Air Magic
 * Level 1.2 Poison Magic


You had 4 spell levels left.
You knew the following spells:

 Your Spells              Type           Power        Failure   Level
a - Magic Dart            Conj           36%          8%          1
b - Call Imp              Summ           7%           16%         2
c - Mephitic Cloud        Conj/Pois/Air  7%           28%         3
d - Blink                 Tloc           N/A          16%         2

Your spell library contained the following spells:

 Spells                   Type           Power        Failure   Level
 Slow                     Hex            3%           26%         2
 Conjure Flame            Conj/Fire      6%           34%         3


Dungeon Overview and Level Annotations

Branches:
Dungeon (3/15)

Altars:
Elyvilon


Innate Abilities, Weirdness & Mutations

You are too large for most types of armour.
You have tough skin. (AC +1)


Message History

v - 2 potions of brilliance You feel stronger.
n - a +6 ring of strength (right hand) No target in view!
A goblin is nearby!
A goblin is nearby!
A goblin is nearby!
A goblin is nearby!
A goblin is nearby!
A goblin is nearby!
Found a stone staircase leading down.
You see here a scroll of remove curse.
A goblin is nearby!
The goblin shouts!
You hit the goblin. You freeze the goblin.
The goblin explodes!
The fiery explosion engulfs you!!
Ouch! That really hurt!
You are engulfed in blazing flames.
You die...

....##...##.#.###..##
#.......###.#.#.....#
....#.......#...##..#
###.#......§...##...#*
,,,......§§§§#.##.#..#
,**.......§.§#..#.##.#
,_,,.....§§§§##.#.#*.#
***,.....§§§§§§.§?##.#
*,.....§.?§##§@.$#.#
**,........###§.#.#,**
**,,.........#...#...,**
,,,,..[..........##.#..*
,,,,.........#####*.#*.#
,,,,....)....#** *..,,#
,,,,,,,,,..>,,,* *###,*
,,,,,,,,,..,**,** *,*
,,,,**,,,,,***,,* *,*


There were no monsters in sight!

Vanquished Creatures
  Terence (D:2)
  Natasha (thrice) (D:2)
  A gnoll (D:1)
  2 worms (D:2)
  4 dart slugs
  3 leopard geckos
  An orc (D:3)
  4 giant cockroaches
  3 goblins
  8 hobgoblins
  4 kobolds (D:1)
  8 bats
  3 frilled lizards
  6 rats
51 creatures vanquished.

Vanquished Creatures (collateral kills)
  A hobgoblin (D:2)
1 creature vanquished.

Grand Total: 52 creatures vanquished

Notes
Turn   | Place    | Note
-------+----------+-------------------------------------------
     0 | D:1      | runemasterragnar the Ogre Hedge Wizard began the quest for
                  | the Orb.
     0 | D:1      | Reached XP level 1. HP: 16/16 MP: 5/5
    47 | D:1      | Reached skill level 1 in Translocations
    51 | D:1      | Reached skill level 1 in Fighting
    51 | D:1      | Reached skill level 1 in Conjurations
    51 | D:1      | Reached skill level 1 in Summonings
    51 | D:1      | Reached XP level 2. HP: 22/27 MP: 1/6
   641 | D:1      | Reached XP level 3. HP: 32/35 MP: 8/8
  1094 | D:2      | Learned a level 2 spell: Call Imp
  1098 | D:2      | Learned a level 3 spell: Mephitic Cloud
  1101 | D:2      | Learned a level 2 spell: Blink
  1166 | D:2      | Noticed Natasha
  1173 | D:2      | Killed Natasha
  1174 | D:2      | Reached XP level 4. HP: 25/44 MP: 9/9
  2171 | D:2      | Noticed Terence
  2211 | D:2      | HP: 2/66 [something (5)]
  2212 | D:2      | Killed Terence
  2234 | D:2      | Reached XP level 5. HP: 13/50 MP: 2/10
  2486 | D:2      | Noticed Natasha
  2497 | D:2      | Killed Natasha
  2498 | D:2      | Reached skill level 4 in Spellcasting
  2498 | D:2      | Reached skill level 1 in Air Magic
  2498 | D:2      | Reached skill level 1 in Poison Magic
  2641 | D:2      | Noticed Natasha
  2659 | D:2      | Killed Natasha
  3380 | D:3      | Found a white marble altar of Elyvilon.
  3448 | D:3      | Engulfed by a cloud of flame

Illustrated notes

Levels and vault maps discovered:
D:1:      minmay_arrival_doors, layout_rooms
D:2:      layout_loops_corners, serial_glass, glass_columns_a, glass_columns_c,
          due_unseen_surprise, minmay_strange_pillars, item_on_display_a,
          item_on_display_a, uniq_crazy_yiuf_cottage, uniq_natasha, uniq_terence
D:3:      layout_rooms, overflow_temple_1_default, grunt_ministairs_7,
          elyvilon_altar_4

Skill      XL: |  1  2  3  4  5 |
---------------+----------------+-----
Translocations | 1 |  1.2
Fighting       | 1 2 3 |  3.0
Conjurations   | 1 |  1.9
Summonings     | 1 |  1.3
Dodging        | 2 |  2.3
Spellcasting   | 4 |  4.0
Air Magic      | 1 |  1.1
Poison Magic   | 1 |  1.2
Maces & Flails | |  0.9
Stealth        | |  1.4

Action                   |  1- 3 |  4- 6 || total
-------------------------+-------+-------++-------
Melee: Mace              |    56 |    79 ||   135
       Hand axe          |       |     4 ||     4
Throw: Boomerang         |     8 |    34 ||    42
 Cast: Magic Dart        |    34 |    23 ||    57
       Call Imp          |       |     5 ||     5
  Use: Potion            |       |     6 ||     6
       Scroll            |       |     8 ||     8
 Stab: Sleeping          |     1 |       ||     1
       Distracted        |       |     1 ||     1
Armor: Robe              |    15 |    41 ||    56
Dodge: Dodged            |    51 |    96 ||   147
